 Dungeon Crawl Stone Soup version 0.24.0-123-gd5b16e6ec5 (webtiles) character file.

Game seed: 9840758484053881151, levelgen mode: deterministic

73 Lemonice the Charmwright (level 4, -2/38 HPs)
             Began as a Gnoll Skald on Feb 10, 2020.
             Slain by an orc wizard
             ... wielding a +1 dagger of venom
              (3 damage)
             ... on level 3 of the Dungeon.
             The game lasted 00:03:21 (1341 turns).

Lemonice the Charmwright (Gnoll Skald)              Turns: 1341, Time: 00:03:22

Health: -2/38      AC: 12    Str: 15    XL:     4   Next: 27%
Magic:  20/20      EV:  5    Int: 15    God:
Gold:   145        SH:  7    Dex: 14    Spells: 12/13 levels left

rFire    . . .     SeeInvis .   a - +0 spear
rCold    . . .     Gourm    .   i - +0 shield
rNeg     . . .     Faith    .   j - +0 chain mail
rPois    .         Spirit   .   (no helmet)
rElec    .         Reflect  .   f - +0 cloak
rCorr    .         Harm     .   (no gloves)
MR       .....                  t - +1 pair of boots {Fly}
Stlth    ..........             (no amulet)
HPRegen  0.12/turn              g - ring of magical power
MPRegen  0.17/turn              (no ring)

@: lethally poisoned (-2 -> -28), flying
A: distributed training, fangs 1, strong nose
a: Stop Flying


You were on level 3 of the Dungeon.
You were near starving.

You visited 1 branch of the dungeon, and saw 3 of its levels.

You collected 145 gold pieces.

Inventory:

Hand Weapons
 a - a +0 spear (weapon)
Armour
 b - a +0 leather armour
 f - a +0 cloak (worn)
 i - a +0 shield (worn)
 j - a +0 chain mail (worn)
 t - a +1 pair of boots of flying (worn)
Jewellery
 g - a ring of magical power (left hand)
Scrolls
 h - 2 scrolls of teleportation {unknown}
 k - a scroll of random uselessness {unknown}
 l - 3 scrolls of enchant armour {unknown}
 n - 2 scrolls of identify {unknown}
 p - a scroll of enchant weapon {unknown}
 q - a scroll of immolation {unknown}
Potions
 c - a potion of curing {unknown}
 e - a potion of invisibility {unknown}
 m - a potion of ambrosia {unknown}
 o - a potion of lignification {unknown}
 r - a potion of haste {unknown}
 s - a potion of flight {unknown}
 u - a potion of agility {unknown}
Comestibles
 d - 4 rations


   Skills:
 + Level 4.6 Fighting
 + Level 1.0 Short Blades
 + Level 1.0 Long Blades
 + Level 1.0 Axes
 + Level 1.0 Maces & Flails
 + Level 4.6 Polearms
 + Level 1.0 Staves
 + Level 1.0 Slings
 + Level 1.0 Bows
 + Level 1.0 Crossbows
 + Level 1.0 Throwing
 + Level 2.7 Armour
 + Level 4.6 Dodging
 + Level 1.0 Stealth
 + Level 1.0 Shields
 + Level 1.0 Unarmed Combat
 + Level 5.0 Spellcasting
 + Level 0.8 Conjurations
 + Level 0.8 Hexes
 + Level 5.4 Charms
 + Level 0.8 Summonings
 + Level 0.8 Necromancy
 + Level 0.8 Translocations
 + Level 0.8 Transmutations
 + Level 0.8 Fire Magic
 + Level 0.8 Ice Magic
 + Level 0.8 Air Magic
 + Level 0.8 Earth Magic
 + Level 0.8 Poison Magic
 + Level 1.1 Invocations
 + Level 1.0 Evocations


You had 12 spell levels left.
You knew the following spells:

 Your Spells              Type           Power        Failure   Level  Hunger
a - Infusion              Chrm           ###.         92%         1    None

Your spell library contained the following spells:

 Spells                   Type           Power        Failure   Level  Hunger
 Song of Slaying          Chrm           ###.....     98%         2    ##.....
 Shroud of Golubria       Chrm/Tloc      ##....       100%        2    ##.....
 Regeneration             Chrm/Necr      ##........   100%        3    ###....
 Spectral Weapon          Hex/Chrm       ##......     100%        3    ###....


Dungeon Overview and Level Annotations

Branches:
Dungeon (3/15)

Altars:
Elyvilon
Makhleb
Qazlal
Wu Jian


Innate Abilities, Weirdness & Mutations

Your experience applies equally to all skills.
You have very sharp teeth.
Your uncanny sense of smell can sniff out nearby items.


Message History

The orc wizard flickers and vanishes!
Deactivating autopickup; reactivate with Ctrl-A.
The orc wizard gestures at you while chanting.
The magic dart hits you but does no damage.
You closely miss something.
* * * LOW HITPOINT WARNING * * *
You feel sick. You block the orc wizard's attack. You block something's attack.
The orc wizard hits you but does no damage. x2
Your shield prevents you from hitting something.
Your bite misses something.
* * * LOW HITPOINT WARNING * * *
You feel sick. Something hits you but does no damage.
You are more poisoned.
The orc wizard casts a spell.
The orc wizard blinks!
The orc wizard hits you but does no damage.
Your shield and chain mail prevent you from hitting something.
* * * LOW HITPOINT WARNING * * *
You feel sick. Something hits you.
You die...

#......>...# ..
#..........# #.#
#.......o..#...#
#............#
#..........###
#..........#
#..........#
#...ยง{o....#
#...)@.....#
############


You could see 2 orc wizards.

Vanquished Creatures
  An adder (D:2)
  An ooze (D:1)
  2 worms (D:2)
  2 dart slugs (D:1)
  2 leopard geckos (D:2)
  2 orcs (D:3)
  2 giant cockroaches
  3 goblins
  5 hobgoblins
  9 jackals
  4 kobolds (D:1)
  A quokka (D:2)
  3 bats (D:1)
  3 frilled lizards
  2 rats
42 creatures vanquished.

Notes
Turn   | Place    | Note
-------+----------+-------------------------------------------
     0 | D:1      | Lemonice the Gnoll Skald began the quest for the Orb.
     0 | D:1      | Reached XP level 1. HP: 20/20 MP: 6/6
    96 | D:1      | Reached XP level 2. HP: 26/26 MP: 7/7
   347 | D:1      | Reached XP level 3. HP: 31/31 MP: 9/9
   401 | D:1      | Reached skill level 5 in Spellcasting
   713 | D:2      | Reached skill level 1 in Invocations
   790 | D:2      | Found a white marble altar of Elyvilon.
   937 | D:2      | Found a stormy altar of Qazlal.
   940 | D:2      | Found a burning altar of Makhleb.
   943 | D:2      | Found an ornate altar of the Wu Jian Council.
   948 | D:2      | Reached skill level 1 in Short Blades
   948 | D:2      | Reached skill level 1 in Long Blades
   948 | D:2      | Reached skill level 1 in Axes
   948 | D:2      | Reached skill level 1 in Maces & Flails
   948 | D:2      | Reached skill level 1 in Staves
   948 | D:2      | Reached skill level 1 in Slings
   948 | D:2      | Reached skill level 1 in Bows
   948 | D:2      | Reached skill level 1 in Crossbows
   948 | D:2      | Reached skill level 1 in Throwing
   948 | D:2      | Reached skill level 1 in Stealth
   948 | D:2      | Reached skill level 1 in Shields
   948 | D:2      | Reached skill level 1 in Unarmed Combat
   948 | D:2      | Reached skill level 1 in Evocations
   975 | D:2      | Reached XP level 4. HP: 38/38 MP: 11/11
  1341 | D:3      | HP: 1/38 [poisoned by an orc wizard]
  1341 | D:3      | Slain by an orc wizard

Levels and vault maps discovered:
D:1:      co_arrival_square_in_a_square_in_a_square, layout_loops_ring,
          minmay_misc_feat_iff
D:2:      layout_rooms, lemuel_doored_altar, grunt_temple_overflow_diamond
D:3:      layout_rooms, first_ration

Skill      XL: |  1  2  3 |
---------------+----------+-----
Spellcasting   | 5 |  5.0
Invocations    | 1 |  1.1
Short Blades   | 1 |  1.0
Long Blades    | 1 |  1.0
Axes           | 1 |  1.0
Maces & Flails | 1 |  1.0
Staves         | 1 |  1.0
Slings         | 1 |  1.0
Bows           | 1 |  1.0
Crossbows      | 1 |  1.0
Throwing       | 1 |  1.0
Stealth        | 1 |  1.0
Shields        | 1 |  1.0
Unarmed Combat | 1 |  1.0
Evocations     | 1 |  1.0
Fighting       | |  4.6
Polearms       | |  4.6
Armour         | |  2.7
Dodging        | |  4.6
Conjurations   | |  0.8
Hexes          | |  0.8
Charms         | |  5.4
Summonings     | |  0.8
Necromancy     | |  0.8
Translocations | |  0.8
Transmutations | |  0.8
Fire Magic     | |  0.8
Ice Magic      | |  0.8
Air Magic      | |  0.8
Earth Magic    | |  0.8
Poison Magic   | |  0.8

Action                   |  1- 3 |  4- 6 || total
-------------------------+-------+-------++-------
Melee: Spear             |   158 |    38 ||   196
       Bite              |    13 |     5 ||    18
Armor: Leather armour    |     5 |       ||     5
       Chain mail        |    53 |    28 ||    81
Dodge: Dodged            |    45 |     8 ||    53
Block: Shield            |    31 |    13 ||    44
